 Dungeon Crawl Stone Soup version 0.22-a0-482-g76e0a5f (webtiles) character file.

71696 toffzen the Slicer (level 15, -14/145 HPs)
             Began as a Kobold Berserker on June 14, 2018.
             Was a High Priest of Trog.
             Killed from afar by an ice dragon (48 damage)
             ... with a blast of cold
             ... on level 15 of the Dungeon on June 17, 2018.
             The game lasted 01:35:44 (25331 turns).

toffzen the Slicer (Kobold Berserker)              Turns: 25331, Time: 01:35:45

Health: -14/145    AC: 16    Str: 29      XL:     15   Next: 83%
Magic:  15/15      EV: 27    Int:  7 (8)  God:    Trog [*****.]
Gold:   662        SH:  0    Dex: 22      Spells: 14/14 levels left

rFire    . . .     SeeInvis .   a - +8 autumn katana {slice, Clar}
rCold    . . .     Gourm    .   (shield restricted)
rNeg     . . .     Faith    .   U - +2 ring mail "Kouweder" {rElec Regen+}
rPois    .         Spirit   .   E - +0 helmet
rElec    +         Reflect  .   h - +1 cloak
rCorr    .         Harm     .   (no gloves)
MR       +....     Clarity  +   M - +2 pair of boots
Stlth    ..........             x - amulet of regeneration
HPRegen  1.14/turn              X - +4 ring of dexterity
MPRegen  0.14/turn              V - +6 ring of strength

@: berserking, very quick
A: small, carnivore, deterioration 1
a: Berserk, Trog's Hand, Brothers in Arms, Renounce Religion


You were on level 15 of the Dungeon.
You worshipped Trog.
Trog was extremely pleased with you.
You were very full.

You visited 2 branches of the dungeon, and saw 21 of its levels.

You collected 1210 gold pieces.
You spent 548 gold pieces at shops.

Inventory:

Hand Weapons
 a - the +8 autumn katana (weapon) {slice, Clar}
   (You found it on level 6 of the Lair of Beasts)

   It inflicts extra damage upon your enemies.
   It protects you against confusion.
 b - the +4 hand crossbow of Flawed Execution {flame, Str+4}
   (You bought it in a shop on level 14 of the Dungeon)

   It causes projectiles fired from it to burn those they strike, causing extra
   injury to most foes and up to half again as much damage against particularly
   susceptible opponents.
   It affects your strength (+4).
 d - a +1 triple crossbow of freezing
 N - a +5 quick blade
 O - a +3 vampiric short sword
 S - the +5 dagger "Goblinslayer" {speed, rC+ rN+ Int+2 Dex-3 SInv}
   (Trog gifted it to you on level 10 of the Dungeon)

   Attacks with this weapon are significantly faster.
   It affects your intelligence (+2).
   It affects your dexterity (-3).
   It protects you from cold.
   It protects you from negative energy.
   It lets you see invisible.
Missiles
 e - 225 bolts
 i - 727 stones (quivered)
 G - a throwing net
Armour
 h - a +1 cloak (worn)
 s - the +0 buckler "Irphunwo" {rF- Dex+2 Stlth+}
   (You bought it in a shop on level 5 of the Dungeon)

   It affects your dexterity (+2).
   It makes you vulnerable to fire.
   It makes you more stealthy.
 E - a +0 helmet (worn)
 M - a +2 pair of boots (worn)
 U - the +2 ring mail "Kouweder" (worn) {rElec Regen+}
   (You bought it in a shop on level 5 of the Dungeon)

   It insulates you from electricity.
   It increases your rate of regeneration.
Jewellery
 j - an uncursed ring of protection from magic
 x - an amulet of regeneration (around neck)
 R - an uncursed ring of protection from magic
 V - a +6 ring of strength (right hand)
 X - a +4 ring of dexterity (left hand)
Wands
 l - a wand of disintegration (24)
 v - a wand of digging (30)
 y - a wand of acid (2)
 J - a wand of paralysis (19)
Scrolls
 f - 6 scrolls of teleportation
 g - a scroll of fear
 o - 5 scrolls of remove curse
 q - a scroll of blinking
 r - 3 scrolls of enchant armour
 u - 2 scrolls of magic mapping
 w - a scroll of vulnerability {unknown}
 z - 3 scrolls of immolation {unknown}
 C - a scroll of silence {unknown}
 F - a scroll of holy word {unknown}
 P - a scroll of noise {unknown}
 Q - a scroll of fog {unknown}
 W - a scroll of brand weapon {unknown}
 Y - a scroll of random uselessness {unknown}
Potions
 m - a potion of cancellation {unknown}
 n - 3 potions of heal wounds
 p - a potion of ambrosia {unknown}
 t - 4 potions of curing
 A - 3 potions of brilliance
 B - 2 potions of flight
 D - 3 potions of mutation
 H - 5 potions of haste
 I - a potion of magic {unknown}
 K - a potion of might
 L - 4 potions of agility
 T - 3 potions of berserk rage
 Z - 2 potions of lignification
Comestibles
 c - 46 rations
 k - 15 chunks of flesh


   Skills:
 - Level 12.8 Fighting
 - Level 14.0(16.2) Short Blades
 + Level 9.6(11.2) Long Blades
 + Level 6.9 Crossbows
 - Level 9.2 Armour
 - Level 13.5 Dodging
 - Level 11.0 Stealth
 - Level 4.0 Shields


You had 14 spell levels left.
You didn't know any spells.
Your spell library was empty.

Dungeon Overview and Level Annotations

Branches:
Dungeon (15/15)            Temple (0/1) D:4            Lair (6/6) D:9
  Swamp (0/4) Lair:2       Spider (0/4) Lair:2        Slime (0/5) Lair:6
    Orc (0/2) D:10         Vaults (0/5) D:13
 Depths: D:15

Altars:
Ashenzari
Dithmenos
Gozag
Hepliaklqana
Kikubaaqudgha
Okawaru
Qazlal
Ru
Sif Muna
Vehumet
Wu Jian
Yredelemnul
Zin
Beogh

Shops:
D:5 [   D:13 [   D:14 !(   D:15 }

Annotations:
Lair:1 Fannar
Lair:2 exclusion: oklob plant


Innate Abilities, Weirdness & Mutations

You are small and have problems with some larger weapons.
You are carnivorous and can eat meat at any time.
Your body sometimes deteriorates upon taking damage.


Message History

The ice dragon claws you. The ice dragon closely misses you.
You slash the ice dragon!
The ice dragon is severely wounded.
You hear a deafening roar!
You barely miss the ice dragon.
The ice dragon is severely wounded.
The ice dragon breathes frost at you. The blast of cold hits you!
* * * LOW HITPOINT WARNING * * *
An ice dragon comes into view.
The ice dragon roars deafeningly!
You slice the ice dragon!!
The ice dragon is almost dead.
You hit the ice dragon.
You feel the power of Trog in you as your rage grows.
You kill the ice dragon!
Trog accepts your kill. The ice dragon breathes frost at you.
The blast of cold hits you!
You die...

.###...#.##........
..........'....<...
#.###...#.##.....(..
#.........###.......
## ######.###
##.)...# ($. ##.#
##...##
..(.######..# ##'###
#(D(..##.## #.#..
#(@.### #....
##.8..## ##...#
#......# #####.....
##...#.# #......#.)
#.....# #.###.##..
#.#
#####.####.###..#.)
..# #..............
### ######.###....#
#.# ##....


You could see an ice dragon.

Vanquished Creatures
  Rupert (Lair:5)
  Frances (D:12)
  The ghost of Curus the Basher, a journeyman MiGl of Okawaru (Lair:4)
  An ettin (D:13)
  A fire dragon (D:15)
  Erolcha (D:10)
  A vault guard (D:13)
  9 hydras
  An ogre mage (D:14)
  A catoblepas (D:14)
  An ice dragon (D:15)
  4 centaur warriors
  6 two-headed ogres
  4 tengu warriors
  3 death yaks (Lair:5)
  Urug (Lair:3)
  A deep troll (D:13)
  2 unseen horrors (D:15)
  A wizard (D:15)
  A deep troll (shapeshifter) (D:13)
  A lindwurm (D:13)
  The ghost of Slunt the Spear-Bearer, a novice MfGl of Okawaru (D:7)
  2 wolf spiders
  A cyclops (D:12)
  2 manticores
  A shining eye (shapeshifter) (D:14)
  2 deep elf magi (D:14)
  4 ugly things
  2 torpor snails
  9 black mambas
  Joseph (D:7)
  A guardian serpent (Lair:6)
  A freezing wraith (D:14)
  4 kobold demonologists
  12 spiny frogs
  2 komodo dragons
  2 tengu conjurers (D:14)
  A rime drake (Lair:4)
  5 trolls
  3 polar bears
  4 hornets
  6 blink frogs (Lair:6)
  7 hippogriffs
  A meliai zombie (D:14)
  4 slime creatures (D:14)
  3 dream sheep (Lair:2)
  3 redbacks (Lair:6)
  14 wyverns
  A shadow (D:11)
  10 yaks
  Eustachio (D:5)
  3 hogs (D:8)
  2 wraiths (D:10)
  2 basilisks
  A human (D:8)
  Grum (D:10)
  A hungry ghost (D:9)
  10 vampire mosquitoes
  Menkaure (D:6)
  An acid dragon (D:12)
  37 water moccasins
  4 porcupines
  2 hell hounds (D:9)
  3 orc warriors
  Purgy (D:3)
  5 sky beasts
  3 phantoms
  6 ice beasts
  A black bear (D:7)
  2 necrophages
  8 ogres
  10 crocodiles
  3 wolves
  8 centaurs
  4 big kobolds
  16 bullfrogs
  A wyvern skeleton (D:11)
  7 scorpions
  5 howler monkeys
  3 centaur zombies
  2 crimson imps
  5 hounds
  A quasit (D:7)
  2 bullfrog zombies
  15 jellies
  A bullfrog skeleton (D:10)
  5 orc priests
  Crazy Yiuf (D:3)
  3 centaur skeletons
  4 iguanas
  Jessica (D:3)
  9 orc wizards
  5 worker ants
  A hound zombie (D:5)
  3 hound skeletons
  4 gnolls (D:10)
  34 adders
  6 shadow imps
  18 oozes
  2 adder zombies
  3 worms
  2 dart slugs (D:2)
  The ghost of Amnesiac the Charlatan, a weakling SpAr (D:5)
  5 leopard geckos
  39 orcs
  6 giant cockroaches
  15 goblins
  5 hobgoblins
  6 jackals
  18 kobolds
  4 quokkas
  4 ball pythons
  9 bats
  9 frilled lizards
  2 jackal skeletons
  2 leopard gecko skeletons (D:6)
  A leopard gecko zombie (D:6)
  7 rats
  2 bushes
  A fungus (D:3)
567 creatures vanquished.

Vanquished Creatures (others)
  A bush (Lair:6)
  28 fungi
  42 plants
71 creatures vanquished.

Grand Total: 638 creatures vanquished

Notes
Turn   | Place    | Note
-------+----------+-------------------------------------------
     0 | D:1      | toffzen the Kobold Berserker began the quest for the Orb.
     0 | D:1      | Reached XP level 1. HP: 14/14 MP: 1/1
   227 | D:1      | Reached XP level 2. HP: 18/19 MP: 2/2
   634 | D:2      | Reached XP level 3. HP: 18/23 MP: 3/3
  1057 | D:2      | Reached XP level 4. HP: 27/29 MP: 4/4
  1079 | D:2      | Reached skill level 5 in Short Blades
  1124 | D:2      | Reached ** piety under Trog
  1186 | D:2      | Found a shattered altar of Ashenzari.
  1729 | D:3      | Noticed Purgy
  1742 | D:3      | Killed Purgy
  1742 | D:3      | Reached XP level 5. HP: 33/33 MP: 5/5
  1884 | D:3      | Reached skill level 6 in Short Blades
  1979 | D:3      | Reached XP level 6. HP: 37/38 MP: 6/6
  2277 | D:3      | Noticed Jessica
  2286 | D:3      | Killed Jessica
  2527 | D:3      | Found a runed door.
  2531 | D:3      | Noticed Crazy Yiuf
  2537 | D:3      | Killed Crazy Yiuf
  2798 | D:4      | Found a staircase to the Ecumenical Temple.
  3130 | D:4      | Noticed an ogre
  3145 | D:4      | Killed an ogre
  3145 | D:4      | Reached XP level 7. HP: 44/44 MP: 7/7
  3263 | D:4      | Reached skill level 7 in Short Blades
  3336 | D:4      | Reached *** piety under Trog
  3463 | D:4      | Found a hazy altar of Hepliaklqana.
  3718 | D:5      | Entered Level 5 of the Dungeon
  3867 | D:5      | Found an ancient bone altar of Kikubaaqudgha.
  3897 | D:5      | Reached skill level 5 in Fighting
  3980 | D:5      | Reached skill level 5 in Dodging
  3980 | D:5      | Reached XP level 8. HP: 49/49 MP: 8/8
  4200 | D:5      | Found Cuptid's Antique Armour Emporium.
  4214 | D:5      | Reached skill level 8 in Short Blades
  4218 | D:5      | Bought a spiked buckler for 190 gold pieces
  4224 | D:5      | Identified the cursed +0 buckler "Irphunwo" {rF- Dex+2 Stlth+} (You bought it in a shop on level 5 of the Dungeon)
  4746 | D:5      | Reached skill level 1 in Shields
  4923 | D:5      | Noticed Amnesiac's ghost (weakling SpAr)
  4940 | D:5      | Killed Amnesiac's ghost
  4946 | D:5      | Found a sacrificial altar of Ru.
  5148 | D:6      | Upgraded the game from 0.22-a0-479-gc6e99f3 to 0.22-a0-480-g991dd4b
  5212 | D:5      | Reached skill level 9 in Short Blades
  5259 | D:6      | Noticed Eustachio
  5347 | D:5      | Reached XP level 9. HP: 55/55 MP: 9/9
  5362 | D:5      | Killed Eustachio
  5362 | D:5      | Reached **** piety under Trog
  5914 | D:6      | Found an ornate altar of the Wu Jian Council.
  5942 | D:6      | Reached skill level 10 in Short Blades
  6146 | D:6      | Found a basalt altar of Yredelemnul.
  6149 | D:6      | Found a glowing silver altar of Zin.
  6154 | D:6      | Found an opulent altar of Gozag.
  6277 | D:6      | Found a deep blue altar of Sif Muna.
  6324 | D:6      | Noticed Menkaure
  6332 | D:6      | Killed Menkaure
  6531 | D:6      | Found a radiant altar of Vehumet.
  6694 | D:7      | Found a stormy altar of Qazlal.
  6711 | D:7      | Noticed Slunt's ghost (novice MfGl)
  6731 | D:7      | Killed Slunt's ghost
  6731 | D:7      | Reached XP level 10. HP: 63/63 MP: 10/10
  6735 | D:7      | Reached skill level 11 in Short Blades
  6963 | D:7      | Noticed Joseph
  6990 | D:7      | Killed Joseph
  6990 | D:7      | Reached skill level 5 in Armour
  7625 | D:8      | Noticed a two-headed ogre
  7651 | D:8      | Killed a two-headed ogre
  7782 | D:8      | Reached skill level 12 in Short Blades
  7994 | D:8      | Noticed a manticore
  8034 | D:8      | Killed a manticore
  8115 | D:8      | Reached XP level 11. HP: 67/67 MP: 11/11
  8248 | D:8      | Noticed a two-headed ogre
  8259 | D:8      | Killed a two-headed ogre
  8314 | D:8      | Found a shadowy altar of Dithmenos.
  8747 | D:9      | Found a stormy altar of Qazlal.
  8765 | D:9      | Reached skill level 13 in Short Blades
  8904 | D:9      | Found a staircase to the Lair.
  9046 | D:9      | Reached ***** piety under Trog
  9569 | D:9      | Got a steaming dagger
  9594 | D:9      | Identified the +6 dagger of the Final Decision {pain, rElec} (You found it on level 9 of the Dungeon)
  9832 | D:10     | Entered Level 10 of the Dungeon
  9884 | D:10     | Noticed Grum
 10199 | D:10     | Killed Grum
 10396 | D:10     | Reached skill level 1 in Crossbows
 10435 | D:10     | Noticed Erolcha
 10453 | D:10     | Killed Erolcha
 11038 | D:10     | Found a staircase to the Orcish Mines.
 11067 | D:10     | Received a gift from Trog
 11123 | D:10     | Got a jewelled dagger {god gift}
 11129 | D:10     | Identified the +5 dagger "Goblinslayer" {speed, rC+ rN+ Int+2 Dex-3 SInv} (Trog gifted it to you on level 10 of the Dungeon)
 11219 | D:10     | Found a roughly hewn altar of Beogh.
 11489 | Lair:1   | Entered Level 1 of the Lair of Beasts
 11738 | Lair:1   | Reached XP level 12. HP: 75/75 MP: 12/12
 11794 | Lair:1   | Reached skill level 14 in Short Blades
 12286 | Lair:1   | Noticed Fannar
 12432 | D:5      | Bought an aquamarine-encrusted ring mail for 180 gold pieces
 12442 | D:5      | Identified the +2 ring mail "Kouweder" {rElec Regen+} (You bought it in a shop on level 5 of the Dungeon)
 12916 | Lair:2   | Reached skill level 10 in Dodging
 13176 | Lair:2   | Found a hole to the Spider Nest.
 13338 | Lair:2   | Found a staircase to the Swamp.
 14670 | Lair:3   | Upgraded the game from 0.22-a0-480-g991dd4b to 0.22-a0-482-g76e0a5f
 14702 | Lair:3   | Noticed Urug
 14735 | Lair:3   | Killed Urug
 14735 | Lair:3   | Reached skill level 10 in Fighting
 14934 | Lair:3   | Got a bound diamond amulet
 14944 | Lair:3   | Identified the amulet of Nitt {Harm *Drain Dex+3} (You found it on level 3 of the Lair of Beasts)
 15389 | Lair:3   | Received a gift from Trog
 15880 | Lair:3   | Reached skill level 5 in Stealth
 16175 | Lair:4   | Noticed a six-headed hydra
 16193 | Lair:4   | Killed a six-headed hydra
 16193 | Lair:4   | Received a gift from Trog
 16350 | Lair:4   | Noticed a five-headed hydra
 16363 | Lair:4   | Killed a five-headed hydra
 16363 | Lair:4   | Reached XP level 13. HP: 83/83 MP: 13/13
 16475 | Lair:4   | Noticed Curus's ghost (journeyman MiGl)
 16513 | Lair:4   | Killed Curus's ghost
 17154 | Lair:5   | Noticed an eight-headed hydra
 17183 | Lair:4   | Killed an eight-headed hydra
 17839 | Lair:5   | Noticed Rupert
 17878 | Lair:5   | Killed Rupert
 18237 | Lair:6   | Entered Level 6 of the Lair of Beasts
 18250 | Lair:5   | Received a gift from Trog
 18318 | Lair:6   | Noticed an eight-headed hydra
 18515 | Lair:6   | Killed an eight-headed hydra
 19054 | Lair:6   | Reached XP level 14. HP: 73/92 MP: 14/14
 19380 | Lair:6   | Reached skill level 10 in Stealth
 19654 | Lair:6   | Received a gift from Trog
 19683 | Lair:6   | Found the +8 autumn katana {slice, Clar}
 19729 | Lair:6   | Found a staircase to the Slime Pits.
 21111 | D:11     | Received a gift from Trog
 21377 | D:11     | Reached skill level 1 in Long Blades
 21673 | D:12     | Noticed Frances
 21755 | D:12     | Killed Frances
 23083 | D:13     | Reached skill level 5 in Long Blades
 23175 | D:13     | Reached XP level 15. HP: 93/97 MP: 15/15
 23226 | D:13     | Received a gift from Trog
 23607 | D:13     | Found Qak Umae's Antique Armour Shoppe.
 23642 | D:13     | Found a gate to the Vaults.
 23975 | D:14     | Found Aceus's Distillery.
 24027 | D:14     | Found Odessah's Antique Weapon Boutique.
 24073 | D:14     | Bought a translucent hand crossbow for 178 gold pieces
 24075 | D:14     | Identified the +4 hand crossbow of Flawed Execution {flame, Str+4} (You bought it in a shop on level 14 of the Dungeon)
 24287 | D:14     | Reached skill level 5 in Crossbows
 24357 | D:14     | Received a gift from Trog
 24434 | D:14     | Gained mutation: Your body sometimes deteriorates upon taking damage. [a shining eye]
 24724 | D:15     | Entered Level 15 of the Dungeon
 24724 | D:15     | Found Puog's Gadget Shoppe.
 25038 | D:15     | Found an iron altar of Okawaru.
 25331 | D:15     | Killed from afar by an ice dragon

Vault maps used:
D:1:      dpeg_arrival_brainrot
D:2:      evilmike_ruin_ashenzari
D:3:      uniq_crazy_yiuf_cottage, uniq_jessica, uniq_purgy
D:4:      lemuel_doored_altar, minmay_temple_entry_from_below_a,
          nicolae_underground_beach
D:5:      nicolae_ru_the_path_less_chosen, first_ration, basic_altar,
          serial_shops, shop_fountains
D:6:      overflow_temple_1_default, lemuel_blue_sif_altar, kennysheep_mini,
          grunt_temple_overflow_open, portal_sewer_entry_d, minmay_hedge_maze,
          interstate_on_off, hangedman_minor_gate_pass, uniq_menkaure,
          uniq_eustachio
D:7:      nicolae_qazlal_eye_of_the_storm, uniq_joseph
D:8:      grunt_livestock, nicolae_dithmenos_the_darkroom
D:9:      overflow_temple_1_default, minmay_lair_entry_lava, enter_bailey_3
D:10:     minmay_orc_entry_temple_small, uniq_erolcha, uniq_grum
D:11:     minmay_liquid_box
D:12:     uniq_frances
D:13:     david_vaults_4, serial_shops, shop, serial_curves, eino_curves_04,
          eino_curves_03
D:14:     serial_shops, shop, shop
D:15:     grunt_enter_depths_hoard, okawaru_ov_weapons_minmay, serial_shops,
          shop
Lair:1:   serial_forest, infiniplex_forest_clump_tiny,
          infiniplex_forest_clump_curved, infiniplex_forest_clump_curved,
          infiniplex_forest_end_2, uniq_fannar
Lair:2:   lemuel_slime, minmay_swamp_entry_swarm, spider_nest_entry_web_field
Lair:3:   lemuel_reptile_caves, uniq_urug
Lair:4:   serial_bayou_shore_b
Lair:5:   serial_bayou_crossing, uniq_rupert
Lair:6:   hangedman_lair_tendril_chambers, nicolae_slime_entry_slimehenge,
          infiniplex_staircase_pool

Skill      XL: |  1  2  3  4  5  6  7  8  9 10 11 12 13 14 15 |
---------------+----------------------------------------------+-----
Dodging        | 3 4 5 7 8 9 11 12 13 | 13.5
Short Blades   | 5 6 7 9 10 12 13 14 | 14.0
Armour         | 2 3 4 5 6 7 8 9 |  9.2
Fighting       | 4 5 7 8 9 10 12 | 12.8
Shields        | 1 3 4 |  4.0
Crossbows      | 3 4 6 |  6.9
Stealth        | 6 9 11 | 11.0
Long Blades    | 5 9 |  9.6

Action                   |  1- 3 |  4- 6 |  7- 9 | 10-12 | 13-15 || total
-------------------------+-------+-------+-------+-------+-------++-------
Melee: Dagger            |   120 |   195 |   750 |   591 |    31 ||  1687
       Short sword       |    13 |       |       |   912 |   908 ||  1833
       Katana            |       |       |       |       |   348 ||   348
       Hand crossbow     |       |       |       |       |     2 ||     2
 Fire: Hunting sling     |       |       |    18 |       |       ||    18
       Hand crossbow     |       |       |       |    12 |    64 ||    76
       Triple crossbow   |       |       |       |       |     9 ||     9
Throw: Stone             |       |     7 |     1 |    27 |    43 ||    78
Invok: Berserk           |     1 |     6 |    14 |    19 |    15 ||    55
       Trog's Hand       |       |       |       |     2 |     5 ||     7
       Brothers in Arms  |       |       |       |       |     1 ||     1
Evoke: Wand              |       |       |     4 |     4 |     8 ||    16
  Use: Scroll            |       |       |     6 |    13 |     5 ||    24
       Potion            |       |       |       |       |     4 ||     4
 Stab: Sleeping          |       |       |     3 |     5 |    13 ||    21
       Distracted        |       |       |       |     1 |     8 ||     9
  Eat: Chunk             |    10 |    11 |    25 |    69 |    47 ||   162
       Ration            |       |       |       |     1 |       ||     1
Armor: Ring mail         |    34 |    43 |    72 |    76 |   134 ||   359
       Fire dragon scale |       |       |       |    86 |       ||    86
Dodge: Dodged            |    56 |    98 |   189 |   646 |   770 ||  1759
Block: Buckler           |       |       |    38 |   266 |   280 ||   584
       Rpst.: Katana     |       |       |       |       |    60 ||    60

Table legend:
 A = Spawn XP
 B = Non-spawn XP
 C = Spawn XP percentage of total XP
 D = Spawn monster count
 E = Non-spawn monster count
 F = Spawn count percentage of total count
 G = Total turns spent on level
                    A         B        C        D         E        F      G
               +---------+---------+-------+---------+---------+-------+---------
         Total |       0 |  102424 |   0.0 |       0 |     564 |   0.0 | 25331
               +---------+---------+-------+---------+---------+-------+---------
           D:1 |       0 |      20 |   0.0 |       0 |      13 |   0.0 |   619
           D:2 |       0 |      95 |   0.0 |       0 |      33 |   0.0 |  1061
           D:3 |       0 |     271 |   0.0 |       0 |      23 |   0.0 |   923
           D:4 |       0 |     362 |   0.0 |       0 |      14 |   0.0 |  1163
           D:5 |       0 |    1604 |   0.0 |       0 |      36 |   0.0 |  1716
           D:6 |       0 |    1135 |   0.0 |       0 |      23 |   0.0 |  1288
           D:7 |       0 |    1527 |   0.0 |       0 |       8 |   0.0 |   906
           D:8 |       0 |    3631 |   0.0 |       0 |      19 |   0.0 |  1453
           D:9 |       0 |    2670 |   0.0 |       0 |      40 |   0.0 |  1340
          D:10 |       0 |    3093 |   0.0 |       0 |      39 |   0.0 |  1336
          D:11 |       0 |    3054 |   0.0 |       0 |      30 |   0.0 |   687
          D:12 |       0 |    5369 |   0.0 |       0 |      23 |   0.0 |  1458
          D:13 |       0 |   12177 |   0.0 |       0 |      34 |   0.0 |   715
          D:14 |       0 |   15432 |   0.0 |       0 |      33 |   0.0 |   995
          D:15 |       0 |    7928 |   0.0 |       0 |      14 |   0.0 |   607
        Lair:1 |       0 |    2443 |   0.0 |       0 |      11 |   0.0 |  1088
        Lair:2 |       0 |    3153 |   0.0 |       0 |      30 |   0.0 |  1846
        Lair:3 |       0 |    5209 |   0.0 |       0 |      46 |   0.0 |  1551
        Lair:4 |       0 |    5167 |   0.0 |       0 |       8 |   0.0 |  1071
        Lair:5 |       0 |    7615 |   0.0 |       0 |      15 |   0.0 |  1154
        Lair:6 |       0 |   20469 |   0.0 |       0 |      72 |   0.0 |  2354
               +---------+---------+-------+---------+---------+-------+---------
